 Dungeon Crawl Stone Soup version 0.26-a0-639-g72c4674329 (webtiles) character file.

Game seed: 3497099029697698134

1163 Lanoc the Skirmisher (level 8, -9/74 HPs)
             Began as a Grey Draconian Wanderer on Sept 22, 2020.
             Mangled by an orc warrior
             ... wielding a +0 halberd
              (19 damage)
             ... in a bailey.
             The game lasted 00:14:03 (6381 turns).

Lanoc the Skirmisher (Grey Draconian Wanderer)      Turns: 6381, Time: 00:14:04

Health: -9/74      AC: 14    Str: 16    XL:     8   Next: 17%
Magic:  11/11      EV: 11    Int: 12    God:
Gold:   330        SH:  6    Dex: 12    Spells: 7/11 levels left

rFire    . . .     SeeInvis .   a - +3 spear
rCold    . . .     Faith    .   g - +1 buckler
rNeg     . . .     Spirit   .   (armour unavailable)
rPois    .         Reflect  .   (helmet restricted)
rElec    .         Harm     .   (no cloak)
rCorr    .         Rampage  .   (no gloves)
MR       .....                  m - +2 pair of boots
Stlth    ++........             (no amulet)
HPRegen  0.22/turn              (no ring)
MPRegen  0.12/turn              (no ring)

@: no status effects
A: walk through water, unfitting armour, unbreathing, cold-blooded, AC +11
a: no special abilities


You were in a bailey.
You visited 2 branches of the dungeon, and saw 8 of its levels.
You also visited: Bailey.

You collected 330 gold pieces.

Inventory:

Hand Weapons
 a - a +3 spear (weapon)
 h - a +1 spectral club
Armour
 g - a +1 buckler (worn)
 m - a +2 pair of boots (worn)
Magical Staves
 c - an uncursed staff of poison
Wands
 b - a wand of flame (12)
Scrolls
 e - a scroll of identify
 l - a scroll of remove curse
 n - a scroll of immolation
 q - 2 scrolls of summoning {unknown}
 s - a scroll of fog
Potions
 d - 2 potions of invisibility
 f - 3 potions of heal wounds
 i - a potion of ambrosia
 j - 4 potions of curing
 k - a potion of cancellation
 o - a potion of resistance
 r - 2 potions of berserk rage
 u - a potion of might


   Skills:
 + Level 7.8 Fighting
 - Level 1.0 Throwing
 - Level 1.0 Stealth
 - Level 4.0 Shields
 - Level 2.0 Spellcasting
 * Level 7.1 Poison Magic


You had 7 spell levels left.
You knew the following spells:

 Your Spells              Type           Power        Failure   Level
a - Sting                 Tmut/Pois      #...         6%          1
b - Mephitic Cloud        Conj/Pois/Air  #.......     30%         3

Your spell library contained the following spells:

 Spells                   Type           Power        Failure   Level


Dungeon Overview and Level Annotations

Branches:
Dungeon (7/15)             Temple (1/1) D:5          Bailey (1/1)

Altars:
Ashenzari
Dithmenos
Elyvilon
Gozag
Hepliaklqana
Makhleb
Nemelex Xobeh
Qazlal
Sif Muna
Trog
Uskayaw
Wu Jian
Xom
Zin
The Shining One


Innate Abilities, Weirdness & Mutations

You can walk through water.
Your dull iron-grey scales are very hard. (AC +11)
You cannot fit into any form of body armour.
You can survive without breathing.
You are cold-blooded and may be slowed by cold attacks.


Message History

Aim: an orc warrior, wielding a +0 halberd and wearing a +0 scale mail (chance to frenzy on hit: 61%)
You throw a datura-tipped dart.
The datura-tipped dart closely misses the orc warrior.
Throwing (i - inventory)
p - a datura-tipped dart (quivered)
Press: ? - help, Shift-Dir - straight line, f/p - orc warrior
Aim: an orc warrior, wielding a +0 halberd and wearing a +0 scale mail (chance to frenzy on hit: 61%)
You throw a datura-tipped dart.
The datura-tipped dart hits the orc warrior.
The orc warrior resists.
The orc warrior hits you from afar with a +0 halberd.
* * * LOW HITPOINT WARNING * * *
The orc knight roars a battlecry!
The orcs go into a battle-frenzy!
The orc warrior hits you with a +0 halberd.
* * * LOW HITPOINT WARNING * * *
The orc knight hits you from afar with a +0 halberd!
* * * LOW HITPOINT WARNING * * *
The orc warrior closely misses you.
The orc warrior hits you from afar with a +0 halberd!!
You die...

#'''''#
##.....##
#....o..#
#.......#
#.......#
#....o..#
#.......#
#.......#
#..oo.@.#
#..?.?..#
#..??...#
#.......#
##..∩..##
#######


You could see 2 orc knights and 2 orc warriors.

Vanquished Creatures
  Sigmund (D:4)
  3 orc warriors
  A sky beast (D:7)
  An ogre (D:5)
  A phantom (D:4)
  A bullfrog (D:7)
  2 orc priests
  A scorpion (D:6)
  2 howler monkeys (D:7)
  A hound (D:6)
  Ijyb (D:3)
  3 worker ants
  6 adders
  A gnoll (D:3)
  A howler monkey skeleton (D:4)
  A white imp (D:5)
  An adder skeleton (D:4)
  3 worms
  A dart slug (D:3)
  A leopard gecko (D:5)
  19 orcs
  3 bats (D:3)
  3 giant cockroaches (D:3)
  3 goblins (D:3)
  2 hobgoblins
  6 jackals
  3 quokkas
  2 frilled lizards
  6 kobolds
  3 rats
83 creatures vanquished.

Vanquished Creatures (collateral kills)
  4 orc wizards
  A worker ant (D:4)
  2 gnolls (D:3)
  An adder skeleton (D:7)
  17 orcs
25 creatures vanquished.

Vanquished Creatures (others)
  An orc wizard (D:7)
  A gnoll (D:3)
  6 orcs (Bailey)
  A giant cockroach (D:4)
9 creatures vanquished.

Grand Total: 117 creatures vanquished

Notes
Turn   | Place    | Note
-------+----------+-------------------------------------------
     0 | D:1      | Lanoc the Draconian Wanderer began the quest for the Orb.
     0 | D:1      | Lanoc set off with the following items: a +2 spear, a +0
                  | mace; and the following spell memorised: Sting; and the
                  | following spells available to memorise: Mephitic Cloud
     0 | D:1      | Reached XP level 1. HP: 23/23 MP: 3/3
   299 | D:3      | Reached XP level 2. HP: 29/29 MP: 5/5
   380 | D:3      | Noticed Ijyb
   421 | D:3      | Killed Ijyb
   421 | D:3      | Reached skill level 1 in Shields
   421 | D:3      | Reached XP level 3. HP: 12/37 MP: 1/6
   991 | D:3      | Reached XP level 4. HP: 29/44 MP: 7/7
  1770 | D:3      | Learned a level 3 spell: Mephitic Cloud
  2403 | D:4      | Reached XP level 5. HP: 43/50 MP: 8/8
  2807 | D:4      | Noticed a phantom
  3052 | D:4      | Noticed Sigmund
  3088 | D:4      | Killed a phantom
  3088 | D:4      | Reached XP level 6. HP: 34/58 MP: 9/9
  3093 | D:4      | Killed Sigmund
  3369 | D:5      | Entered Level 5 of the Dungeon
  3381 | D:5      | Found a staircase to the Ecumenical Temple.
  3388 | Temple   | Entered the Ecumenical Temple
  3804 | D:5      | Reached skill level 5 in Poison Magic
  4351 | D:5      | Found a shimmering altar of Xom.
  4353 | D:5      | Found a blossoming altar of Fedhas.
  4353 | D:5      | Found a shimmering altar of Xom.
  4355 | D:5      | Found a sacrificial altar of Ru.
  4355 | D:5      | Found an iron altar of Okawaru.
  4355 | D:5      | Found a shattered altar of Ashenzari.
  4605 | D:6      | Your scales start taking on a dull iron-grey colour.
  4605 | D:6      | Reached XP level 7. HP: 36/64 MP: 8/10
  4605 | D:6      | Gained mutation: You can survive without breathing. [Grey
                  | Draconian growth]
  5833 | D:7      | Killed an orc warrior
  5833 | D:7      | Reached XP level 8. HP: 22/73 MP: 6/11
  5901 | D:7      | Found a flagged portal.
  5944 | Bailey   | Entered a bailey
  6200 | Bailey   | Noticed an orc knight
  6201 | Bailey   | Noticed an orc knight
  6246 | Bailey   | Identified a scroll of acquirement
  6246 | Bailey   | Acquired an uncursed staff of poison
  6356 | Bailey   | Noticed an orc knight
  6359 | Bailey   | Noticed an orc knight
  6381 | Bailey   | Mangled by an orc warrior

Illustrated notes

Levels and vault maps discovered:
D:1:      lemuel_arrival_rhombus, layout_rooms
D:2:      layout_rooms, nicolae_overflow_crystal_walls, lemuel_round_altar,
          grunt_temple_overflow_cloverleaf
D:3:      layout_loops_corners, uniq_ijyb
D:4:      layout_cave_pods, minmay_misc_feat_square, feat_on_display,
          uniq_sigmund
D:5:      layout_cave_pods, minmay_temple_entry_gardened_gates, st_stairs_2,
          doesnt_xom_only_xom
D:6:      layout_basic
D:7:      layout_cave_pools, serial_shops, nicolae_shop_trees, enter_bailey_6,
          chequers_hall_statues_corner_a
Temple:   regret_index_temple_generic_petals
Bailey:   bailey_polearm_5, bailey

Skill      XL: |  1  2  3  4  5  6  7  8 |
---------------+-------------------------+-----
Shields        | 1 2 3 4 |  4.0
Poison Magic   | 2 3 4 5 6 7 |  7.1
Fighting       | 6 7 |  7.8
Throwing       | |  1.0
Stealth        | |  1.0
Spellcasting   | |  2.0

Action                   |  1- 3 |  4- 6 |  7- 9 || total
-------------------------+-------+-------+-------++-------
Melee: Spear             |    66 |   173 |    86 ||   325
       Tailslap          |     7 |    23 |     8 ||    38
Throw: Dart              |     1 |     7 |    23 ||    31
 Cast: Sting             |     7 |     5 |    14 ||    26
       Mephitic Cloud    |       |       |     2 ||     2
Evoke: Wand              |       |     6 |     1 ||     7
  Use: Potion            |       |     1 |       ||     1
       Scroll            |       |     5 |    15 ||    20
 Stab: Sleeping          |     3 |       |     1 ||     4
Armor: Skin              |    18 |    48 |    55 ||   121
Dodge: Dodged            |    33 |    80 |    57 ||   170
Block: Buckler           |     5 |    18 |    33 ||    56

Table legend: (Time is in decaauts)
 A = Elapsed time spent in this place.
 B = Non-inter-level travel time spent in this place.
 C = Inter-level travel time spent in this place.
 D = Time resting spent in this place.
 E = Time spent auto-exploring this place.
 F = Levels seen in this place.
 G = Mean time per level.
                   A        B        C        D        E       F      G
               +--------+--------+--------+--------+--------+-----+--------+
         Total |   6417 |   6103 |    314 |    380 |   4283 |   9 |  713.0 |
       Dungeon |   5759 |   5465 |    294 |    302 |   3964 |   7 |  822.7 |
        Temple |    221 |    201 |     20 |      0 |    200 |   1 |  221.0 |
        Bailey |    436 |    436 |      0 |     78 |    119 |   1 |  436.0 |
               +--------+--------+--------+--------+--------+-----+--------+

Top non-repeatable levels by time:
     D:3: 2045 daAuts
     D:5: 1089 daAuts
     D:4: 1047 daAuts
     D:6: 984 daAuts
  Bailey: 436 daAuts
     D:7: 295 daAuts
  Temple: 221 daAuts
     D:1: 220 daAuts
     D:2: 77 daAuts
